 Dungeon Crawl Stone Soup version 0.23-a0-33-g1e3a2e4e2f (webtiles) character file.

27 Htamos the Skirmisher (level 3, -11/33 HPs)
             Began as a Hill Orc Fighter on Aug 5, 2018.
             Killed by nerve-wracking pain
             ... invoked by a shadow imp
              (12 damage)
             ... on level 2 of the Dungeon.
             The game lasted 00:01:35 (1266 turns).

Htamos the Skirmisher (Hill Orc Fighter)            Turns: 1266, Time: 00:01:35

Health: -11/33     AC:  8    Str: 18    XL:     3   Next: 10%
Magic:  3/3        EV:  7    Int:  8    God:
Gold:   83         SH:  9    Dex: 11    Spells: 2/2 levels left

rFire    . . .     SeeInvis .   a - +0 war axe
rCold    . . .     Gourm    .   c - +0 shield
rNeg     . . .     Faith    .   b - +0 scale mail
rPois    .         Spirit   .   o - +0 helmet
rElec    .         Reflect  .   (no cloak)
rCorr    .         Harm     .   (no gloves)
MR       .....                  (no boots)
Stlth    ..........             (no amulet)
HPRegen  0.11/turn              (no ring)
MPRegen  0.08/turn              (no ring)

@: no status effects
A: no striking features
a: no special abilities


You were on level 2 of the Dungeon.
You were very hungry.

You visited 1 branch of the dungeon, and saw 2 of its levels.

You collected 83 gold pieces.

Inventory:

Hand Weapons
 a - a +0 war axe (weapon)
 h - a +0 whip
Missiles
 e - 49 stones (quivered)
Armour
 b - a +0 scale mail (worn)
 c - a +0 shield (worn)
 o - a +0 helmet (worn)
Jewellery
 k - a cursed -5 ring of dexterity {unknown}
Scrolls
 g - a scroll of blinking {unknown}
 i - 3 scrolls of identify {unknown}
 m - a scroll of remove curse {unknown}
 n - 3 scrolls of fear {unknown}
 p - a scroll of magic mapping {unknown}
 q - a scroll of amnesia {unknown}
Potions
 d - a potion of might
 l - a potion of curing {unknown}
Comestibles
 f - 6 rations


   Skills:
 + Level 4.0 Fighting
 + Level 3.3 Axes
 + Level 3.6 Armour
 + Level 3.6 Shields


You had 2 spell levels left.
You didn't know any spells.
Your spell library was empty.

Dungeon Overview and Level Annotations

Branches:
Dungeon (2/15)

Altars:


Message History

You hit the shadow imp but do no damage.
The shadow imp is severely wounded.
The shadow imp hits you but does no damage.
You closely miss the shadow imp.
The shadow imp is severely wounded.
The shadow imp hits you.
* * * LOW HITPOINT WARNING * * *
Wield which item (- for none, * to show all)? (? for menu, Esc to quit)
a - a +0 war axe (weapon)
The shadow imp closely misses you.
You closely miss the shadow imp.
The shadow imp is severely wounded.
The shadow imp gestures at you. Pain shoots through your body!
* * * LOW HITPOINT WARNING * * *
Your shield and scale mail prevent you from hitting the shadow imp.
The shadow imp is severely wounded.
The shadow imp gestures at you. Pain shoots through your body!
You die...

#.####################.#######
####...# #........ ..<....#
#.####### ######## ###########
.........##
##########........#
..................#
##................#
......5@.....#'#.##
.............#.#.#
##........#..#.#.#
#........#..#.#.#
##########..#.#.# #..#.#.#
#..#.#.# #..#.#.# #### #..#
#.# #...


You could see a shadow imp.

Vanquished Creatures
  2 dart slugs (D:1)
  3 leopard geckos (D:1)
  3 bats (D:1)
  2 giant cockroaches (D:1)
  A goblin (D:1)
  2 hobgoblins (D:1)
  A quokka (D:2)
  A frilled lizard (D:1)
  3 kobolds (D:1)
  A rat (D:1)
19 creatures vanquished.

Notes
Turn   | Place    | Note
-------+----------+-------------------------------------------
     0 | D:1      | Htamos the Hill Orc Fighter began the quest for the Orb.
     0 | D:1      | Reached XP level 1. HP: 19/19 MP: 1/1
   241 | D:1      | Reached XP level 2. HP: 25/27 MP: 2/2
   794 | D:1      | Reached skill level 4 in Fighting
   794 | D:1      | Reached XP level 3. HP: 32/33 MP: 3/3
  1265 | D:2      | HP: 1/33 [shadow imp/nerve-wracking pain (10)]
  1266 | D:2      | Killed from afar by a shadow imp

Vault maps used:
D:1:      lemuel_arrival_behind_the_door_large
D:2:      cheibrodos_helix_gallery

Skill      XL: |  1  2 |
---------------+-------+-----
Axes           | 3 |  3.3
Fighting       | 4 |  4.0
Armour         | |  3.6
Shields        | |  3.6

Action                   || total
-------------------------++-------
Melee: War axe           ||    12
       Whip              ||    74
Armor: Scale mail        ||    27
Dodge: Dodged            ||    23
Block: Shield            ||    40

Table legend:
 A = Spawn XP
 B = Non-spawn XP
 C = Spawn XP percentage of total XP
 D = Spawn monster count
 E = Non-spawn monster count
 F = Spawn count percentage of total count
 G = Total turns spent on level
                    A         B        C        D         E        F      G
               +---------+---------+-------+---------+---------+-------+---------
         Total |       0 |      39 |   0.0 |       0 |      19 |   0.0 |  1266
               +---------+---------+-------+---------+---------+-------+---------
           D:1 |       0 |      37 |   0.0 |       0 |      18 |   0.0 |  1111
           D:2 |       0 |       2 |   0.0 |       0 |       1 |   0.0 |   155
               +---------+---------+-------+---------+---------+-------+---------
